 Dungeon Crawl Stone Soup version 0.18-a0-1774-gce1f7b6 (webtiles) character file.

323 M4edhros the Insei (level 6, -3/36 HPs)
             Began as an Octopode Necromancer on Apr 15, 2016.
             Slain by a gnoll
             ... wielding a +2 spear of piercing
              (4 damage)
             ... on level 4 of the Dungeon.
             The game lasted 00:08:30 (1485 turns).

M4edhros the Insei (Octopode Necromancer)           Turns: 1485, Time: 00:08:31

Health: -3/36      AC:  1    Str:  7    XL:     6   Next: 47%
Magic:  5/9        EV: 12    Int: 18    God:
Gold:   111        SH:  0    Dex: 14    Spells: 2 memorised, 5 levels left

rFire  . . .     SeeInvis .     q - +4 spear
rCold  . . .     Gourm    .     (no shield)
rNeg   . . .     Faith    .     (helmet restricted)
rPois  .         Spirit   .     (no amulet)
rElec  .         Dismiss  .     i - ring of resist corrosion
rCorr  +         Reflect  .     o - ring of stealth
SustAt .         Harm     .     (no ring)
MR     .....                    (no ring)
Stlth  ++++......               (no ring)
                                (no ring)
                                (no ring)
                                (no ring)

@: not resistant to hostile enchantments, stealthy
A: almost no armour, amphibious, 8 rings, constrict 8, camouflage 1, gelatinous
body 1
a: no special abilities


You were on level 4 of the Dungeon.
You were not hungry.

You visited 1 branch of the dungeon, and saw 4 of its levels.

You collected 111 gold pieces.

Inventory:

Hand Weapons
 q - a +4 spear (weapon)
Missiles
 f - a throwing net (quivered)
 g - 30 stones
 l - 6 javelins
 m - 8 tomahawks
Jewellery
 i - a ring of resist corrosion (left tentacle)
 o - a ring of stealth (right tentacle)
Wands
 e - a wand of slowing (10/48)
Scrolls
 d - a scroll of amnesia
 h - a scroll of identify {unknown}
 j - 2 scrolls of remove curse {unknown}
 n - a scroll of blinking {unknown}
 p - 2 scrolls of recharging {unknown}
 r - a scroll of teleportation {unknown}
 s - a scroll of fog {unknown}
Potions
 t - a potion of cure mutation
Books
 a - a book of Necromancy

   Spells                             Type                      Level
   a - Pain                           Necromancy                   1
   b - Animate Skeleton               Necromancy                   1
   c - Vampiric Draining              Necromancy                   3
   d - Regeneration                   Charms/Necromancy            3
   e - Animate Dead                   Necromancy                   4
   f - Control Undead                 Necromancy                   4
 u - a book of Burglary

   Spells                             Type                      Level
   a - Swiftness                      Charms/Air                   2
   b - Passwall                       Transmutation/Earth          2
   c - Passage of Golubria            Translocation                4
   d - Lee's Rapid Deconstruction     Earth                        5
   e - Darkness                       Hexes                        6
   f - Invisibility                   Hexes                        6
Comestibles
 b - 2 bread rations
 c - 2 chunks of flesh
 k - a meat ration


   Skills:
 - Level 2.0 Dodging
 - Level 2.6 Stealth
 + Level 6.2 Unarmed Combat
 - Level 2.0 Spellcasting
 - Level 4.0 Necromancy


You had 5 spell levels left.
You knew the following spells:

 Your Spells              Type           Power        Failure   Level  Hunger
a - Pain                  Necr           ###.         3%          1    #......
b - Regeneration          Chrm/Necr      #.........   24%         3    ###....


Dungeon Overview and Level Annotations

Branches:
Dungeon (4/15)
 Temple: D:4-7

Altars:
Ashenzari
Ru

Annotations:
D:4 Dowan, Duvessa


Innate Abilities, Weirdness & Mutations

You cannot wear most types of armour.
You are amphibious.
You can wear up to eight rings at the same time.
You can use your tentacles to constrict eight enemies at once.
Your skin changes colour to match your surroundings (Stealth).
Your rubbery body absorbs attacks (AC +1).


Message History

You puncture the giant gecko!
You kill the giant gecko!
c - 3 chunks of flesh (gained 2)
You now have 111 gold pieces (gained 8).
Eat one of 3 chunks of flesh? (ye/n/q/i?) This raw flesh tastes terrible.
You continue eating. x2
Found a glowing robe.
b - 2 bread rations (gained 1)
A gnoll comes into view. It is wielding a spear of piercing.
You see here a glowing robe.
The gnoll shouts!
You hear a shout!
The gnoll hits you with a spear of piercing!
Found 17 gold pieces.
You hit the gnoll. You grab the gnoll.
The gnoll is lightly wounded.
You constrict the gnoll, but do no damage.
The gnoll hits you with a spear of piercing!
* * * LOW HITPOINT WARNING * * *
You die...

.............###..............o..
.#...####......##.......#...?...e
.###..#####.............##...##.<
......##.............# #......
...............######.# #...###
..>....##...###.# ..... ......
##..## #.# .## . #..## ##[#
#....##.@# ##...#lg.# ##.g....#
##..##.# #####.. ..# ..# $.#


You could see 2 gnolls and a giant newt.

Vanquished Creatures
  Edmund (D:3)
  Ijyb (D:2)
  3 worker ants (D:4)
  4 gnolls
  4 adders
  2 worms
  2 giant geckos
  2 orcs
  5 bats
  A giant cockroach (D:4)
  3 goblins
  4 hobgoblins
  3 jackals (D:2)
  2 kobolds
  A ball python (D:1)
  A ball python skeleton (D:4)
  2 giant newts
  3 rats (D:1)
44 creatures vanquished.

Notes
Turn   | Place    | Note
--------------------------------------------------------------
     0 | D:1      | M4edhros the Octopode Necromancer began the quest for the Orb.
     0 | D:1      | Reached XP level 1. HP: 11/11 MP: 3/3
    62 | D:2      | Noticed Ijyb
    83 | D:1      | Reached skill level 1 in Unarmed Combat
   146 | D:1      | Reached XP level 2. HP: 5/17 MP: 5/5
   159 | D:1      | Gained mutation: Your spells are a little easier to cast, but a little less powerful. [potion of mutation]
   354 | D:2      | Killed Ijyb
   354 | D:2      | Reached skill level 2 in Unarmed Combat
   354 | D:2      | Reached XP level 3. HP: 7/21 MP: 6/6
   401 | D:2      | Reached skill level 3 in Unarmed Combat
   426 | D:2      | Learned a level 3 spell: Regeneration
   529 | D:2      | Gained mutation: You have a beak for a mouth. [potion of beneficial mutation]
   623 | D:2      | Reached XP level 4. HP: 12/27 MP: 1/7
   755 | D:2      | Reached skill level 4 in Unarmed Combat
   996 | D:3      | Found a sacrificial altar of Ru.
  1020 | D:3      | Reached XP level 5. HP: 28/31 MP: 4/8
  1027 | D:4      | Noticed Duvessa
  1027 | D:4      | Noticed Dowan
  1132 | D:3      | Found a shattered altar of Ashenzari.
  1197 | D:4      | Reached skill level 5 in Unarmed Combat
  1232 | D:4      | Noticed Edmund
  1298 | D:3      | Killed Edmund
  1298 | D:3      | Reached XP level 6. HP: 21/36 MP: 2/9
  1406 | D:4      | Reached skill level 6 in Unarmed Combat
  1433 | D:4      | Lost mutation: You have a beak for a mouth. [potion of cure mutation]
  1433 | D:4      | Lost mutation: Your spells are a little easier to cast, but a little less powerful. [potion of cure mutation]
  1485 | D:4      | HP: 1/36 [gnoll/spear of piercing (11)]
  1485 | D:4      | Slain by a gnoll

Vault maps used:
D:1:      mrwooster_arrival_statue_2, bh_walls_and_bars
D:2:      uniq_iyjb
D:3:      nicolae_ru_path_of_blood, ashenzari_altar_1,
          nemelex_lonely_heart_becter
D:4:      first_bread, minmay_cupped, uniq_duvessa, uniq_edmund

Skill      XL: |  1  2  3  4  5  6 |
---------------+-------------------+-----
Unarmed Combat | 1 2 3 4 5 6 |  6.2
Dodging        | |  2.0
Stealth        | |  2.6
Spellcasting   | |  2.0
Necromancy     | |  4.0

Action                   |  1- 3 |  4- 6 || total
-------------------------+-------+-------++-------
Melee: Unarmed           |    39 |     3 ||    42
       Constrict         |    10 |    10 ||    20
       Tentacles         |    11 |     7 ||    18
       Punch             |     1 |       ||     1
       Peck              |     1 |     3 ||     4
       Spear             |       |    32 ||    32
 Cast: Pain              |    18 |    40 ||    58
       Regeneration      |     2 |     5 ||     7
Evoke: Wand              |       |     5 ||     5
  Use: Potion            |     6 |     4 ||    10
       Scroll            |     2 |       ||     2
 Stab: Sleeping          |     3 |       ||     3
  Eat: Chunk             |     1 |     5 ||     6
Armor: Skin              |     2 |     3 ||     5
Dodge: Dodged            |    21 |    17 ||    38
